BSA
SPRINGFIELD STARS @ SEATTLE PIKES
09/09/2025
 
TOP OF THE 1ST
Springfield Stars batting - Pitching for Seattle Pikes : RHP Rodrigo Aguilar
Pitching: RHP Rodrigo Aguilar
Batting: RHB Norberto Taváres 0-0: Ball
1-0: Called Strike
1-1: Ball
2-1: SINGLE (Groundball, 56D)
Batting: RHB Juan Rodríguez 0-0: Ball
1-0: Ball
2-0: Grounds into double play, 6-4-3 (Groundball, 6M)
Batting: LHB Derek Davidson 0-0: Ball
1-0: Called Strike
1-1: Foul Ball, location: 2F
1-2: Foul Ball, location: 2F
1-2: SINGLE (Line Drive, 8RS)
Batting: LHB Elliott Newell 0-0: Ball
1-0: Swinging Strike
1-1: Ball
2-1: SINGLE (Groundball, 34D)
Derek Davidson to second
Runner from 2nd tries for 3rd, SAFE, throw made to third
Batting: LHB Mike Callahan 0-0: Called Strike
0-1: Ball
1-1: Ball
2-1: Swinging Strike
2-2: Strikes out swinging
Top of the 1st over - 0 run(s), 3 hit(s), 0 error(s), 2 left on base; Springfield 0 - Seattle 0
BOTTOM OF THE 1ST
Seattle Pikes batting - Pitching for Springfield Stars : LHP Anthony Erickson
Pitching: LHP Anthony Erickson
Batting: RHB Manuel Rico 0-0: Ball
1-0: Called Strike
1-1: Called Strike
1-2: Ball
2-2: Strikes out looking
Batting: RHB António Ortega 0-0: Ball
1-0: SINGLE (Line Drive, 7S)
Batting: RHB Tae-kwon Kwon 0-0: Foul Ball, location: 2F
0-1: Ball
1-1: Foul Ball, location: 2F
1-2: Fielders Choice at 2nd, 6-4 (Groundball, 6)
Batting: SHB António Hernández 0-0: Called Strike
0-1: Called Strike
0-2: Strikes out looking
Bottom of the 1st over - 0 run(s), 1 hit(s), 0 error(s), 1 left on base; Springfield 0 - Seattle 0
TOP OF THE 2ND
Springfield Stars batting - Pitching for Seattle Pikes : RHP Rodrigo Aguilar
Batting: RHB Miguel Salinas 0-0: Ball
1-0: Ball
2-0: Called Strike
2-1: Foul Ball, location: 2F
2-2: Ball
3-2: Strikes out looking
Batting: RHB Hamilton Holbrook 0-0: Swinging Strike
0-1: Ball
1-1: Foul Ball, location: 2F
1-2: Ball
2-2: Ball
3-2: Foul Ball, location: 2F
3-2: Foul Ball, location: 2F
3-2: Strikes out swinging
Batting: LHB Ryan Drake 0-0: Ground out U3 (Groundball, 3)
Top of the 2nd over - 0 run(s), 0 hit(s), 0 error(s), 0 left on base; Springfield 0 - Seattle 0
BOTTOM OF THE 2ND
Seattle Pikes batting - Pitching for Springfield Stars : LHP Anthony Erickson
Batting: RHB Wallace Greene 0-0: Ball
1-0: Foul Ball, location: 2F
1-1: Ball
2-1: Ground out 1-3 (Groundball, 15S)
Batting: RHB Rafael González 0-0: SOLO HOME RUN (Flyball, 7D), Distance : 387 ft
Batting: RHB Arnold Harmon 0-0: Swinging Strike
0-1: Bunt missed!
0-2: Ball
1-2: Ball
2-2: Strikes out swinging
Batting: RHB Randy Sheppard 0-0: Ball
1-0: Ground out 6-3 (Groundball, 6)
Bottom of the 2nd over - 1 run(s), 1 hit(s), 0 error(s), 0 left on base; Springfield 0 - Seattle 1
TOP OF THE 3RD
Springfield Stars batting - Pitching for Seattle Pikes : RHP Rodrigo Aguilar
Batting: SHB Martín Medina 0-0: Called Strike
0-1: Called Strike
0-2: Ball
1-2: Foul Ball, location: 2F
1-2: Ball
2-2: Strikes out swinging
Batting: RHB Norberto Taváres 0-0: Ball
1-0: Called Strike
1-1: Called Strike
1-2: Strikes out swinging
Batting: RHB Juan Rodríguez 0-0: Ball
1-0: Ball
2-0: Foul Ball, location: 2F
2-1: Called Strike
2-2: Ball
3-2: Strikes out looking
Top of the 3rd over - 0 run(s), 0 hit(s), 0 error(s), 0 left on base; Springfield 0 - Seattle 1
BOTTOM OF THE 3RD
Seattle Pikes batting - Pitching for Springfield Stars : LHP Anthony Erickson
Batting: LHB Sammy Marshall 0-0: Swinging Strike
0-1: Ball
1-1: Called Strike
1-2: Ground out 4-3 (Groundball, 4D)
Batting: RHB Manuel Rico 0-0: Called Strike
0-1: Ground out 6-3 (Groundball, 6)
Batting: RHB António Ortega 0-0: Ball
1-0: Ball
2-0: Foul Ball, location: 2F
2-1: SOLO HOME RUN (Flyball, 7D), Distance : 374 ft
Batting: RHB Tae-kwon Kwon 0-0: Swinging Strike
0-1: Fly out, F7 (Line Drive, 7S)
Bottom of the 3rd over - 1 run(s), 1 hit(s), 0 error(s), 0 left on base; Springfield 0 - Seattle 2
TOP OF THE 4TH
Springfield Stars batting - Pitching for Seattle Pikes : RHP Rodrigo Aguilar
Batting: LHB Derek Davidson 0-0: Foul Ball, location: 2F
0-1: Called Strike
0-2: Foul Ball, location: 2F
0-2: Ball
1-2: Ball
2-2: SINGLE (Groundball, 34D)
Batting: LHB Elliott Newell 0-0: Ball
1-0: Swinging Strike
1-1: Ball
2-1: SINGLE (Line Drive, 78M)
Derek Davidson to second
Batting: LHB Mike Callahan 0-0: Called Strike
0-1: Called Strike
0-2: Strikes out swinging
Batting: RHB Miguel Salinas 0-0: Ball
1-0: SINGLE (Groundball, 4MD)
Derek Davidson to third
Elliott Newell to second
Runner from 3rd tries for Home, SAFE, no throw or cutoff
Batting: RHB Hamilton Holbrook 0-0: Ball
1-0: Ball
2-0: Called Strike
2-1: Swinging Strike
2-2: Foul Ball, location: 2F
2-2: Ball
3-2: Foul Ball, location: 2F
3-2: Foul Ball, location: 2F
3-2: Strikes out swinging
Batting: LHB Ryan Drake 0-0: Ground out 4-3 (Groundball, 4)
Top of the 4th over - 1 run(s), 3 hit(s), 0 error(s), 2 left on base; Springfield 1 - Seattle 2
BOTTOM OF THE 4TH
Seattle Pikes batting - Pitching for Springfield Stars : LHP Anthony Erickson
Batting: SHB António Hernández 0-0: Called Strike
0-1: Ball
1-1: Ground out 6-3 (Groundball, 6)
Batting: RHB Wallace Greene 0-0: Foul Ball, location: 2F
0-1: Ball
1-1: Foul Ball, location: 2F
1-2: Ball
2-2: Ball
3-2: SINGLE (Line Drive, 8RS)
Batting: RHB Rafael González 0-0: Swinging Strike
0-1: Ball
1-1: Foul Ball, location: 2F
1-2: Foul Ball, location: 2F
1-2: Ball
2-2: Foul Ball, location: 2F
2-2: Ball
3-2: SINGLE (Groundball, 23) (infield hit)
Wallace Greene to second
Batting: RHB Arnold Harmon 0-0: Foul Ball, location: 2F
0-1: Ball
1-1: Called Strike
1-2: Ball
2-2: Ball
3-2: Strikes out swinging
Batting: RHB Randy Sheppard 0-0: Ball
1-0: Called Strike
1-1: Called Strike
1-2: Foul Ball, location: 2F
1-2: Ball
2-2: SINGLE (Line Drive, 6)
Wallace Greene to third
Rafael González to second
Batting: LHB Sammy Marshall 0-0: Ball
1-0: Called Strike
1-1: SINGLE (Line Drive, 6D)
Wallace Greene scores
Rafael González to third
Randy Sheppard to second
Runner from 3rd tries for Home, SAFE, no throw or cutoff
Batting: RHB Manuel Rico 0-0: Ball
1-0: SINGLE (Line Drive, 8LS)
Randy Sheppard to third
Sammy Marshall to second
Runner from 3rd tries for Home, SAFE, no throw or cutoff
Batting: RHB António Ortega 0-0: Ball
1-0: Ball
2-0: Ball
3-0: Called Strike
3-1: Called Strike
3-2: SINGLE (Flyball, 8RS)
Sammy Marshall to third
Manuel Rico to second
Sammy Marshall scores
Manuel Rico to third
Batting: RHB Tae-kwon Kwon 0-0: Ball
1-0: Called Strike
1-1: Ground out 5-3 (Groundball, 56)
Bottom of the 4th over - 4 run(s), 6 hit(s), 0 error(s), 2 left on base; Springfield 1 - Seattle 6
TOP OF THE 5TH
Springfield Stars batting - Pitching for Seattle Pikes : RHP Rodrigo Aguilar
Batting: SHB Martín Medina 0-0: Called Strike
0-1: Called Strike
0-2: Ball
1-2: Ball
2-2: Foul Ball, location: 2F
2-2: Ground out 6-3 (Groundball, 6)
Batting: RHB Norberto Taváres 0-0: Ground out 6-3 (Groundball, 56)
Batting: RHB Juan Rodríguez 0-0: Ball
1-0: Called Strike
1-1: Foul Ball, location: 2F
1-2: Ball
2-2: Strikes out swinging
Top of the 5th over - 0 run(s), 0 hit(s), 0 error(s), 0 left on base; Springfield 1 - Seattle 6
BOTTOM OF THE 5TH
Seattle Pikes batting - Pitching for Springfield Stars : LHP Anthony Erickson
Batting: SHB António Hernández 0-0: Ball
1-0: Ball
2-0: Ball
3-0: Base on Balls
Pitching: LHP Glenn Tutt
Batting: RHB Wallace Greene 0-0: Ball
1-0: Called Strike
1-1: Ball
2-1: 2-RUN HOME RUN (Flyball, 78XD), Distance : 449 ft
Batting: RHB Rafael González 0-0: Fly out, F7 (Flyball, 7M)
Batting: RHB Arnold Harmon 0-0: Foul Ball, location: 2F
0-1: Ball
1-1: Ball
2-1: TRIPLE (Flyball, 9D)
Batting: RHB Randy Sheppard 0-0: Foul Ball, location: 2F
0-1: Called Strike
0-2: Strikes out swinging
Batting: LHB Sammy Marshall 0-0: Called Strike
0-1: Foul Ball, location: 2F
0-2: Ball
1-2: Foul Ball, location: 2F
1-2: Ground out U3 (Groundball, 3L)
Bottom of the 5th over - 2 run(s), 2 hit(s), 0 error(s), 1 left on base; Springfield 1 - Seattle 8
TOP OF THE 6TH
Springfield Stars batting - Pitching for Seattle Pikes : RHP Rodrigo Aguilar
Batting: LHB Derek Davidson 0-0: Called Strike
0-1: SINGLE (Groundball, 4MD)
Batting: LHB Elliott Newell 0-0: Called Strike
Derek Davidson is caught stealing 2nd base
0-1: Called Strike
0-2: Ball
1-2: Strikes out swinging
Batting: LHB Mike Callahan 0-0: Foul Ball, location: 2F
0-1: Ball
1-1: Swinging Strike
1-2: Strikes out swinging
Top of the 6th over - 0 run(s), 1 hit(s), 0 error(s), 0 left on base; Springfield 1 - Seattle 8
BOTTOM OF THE 6TH
Seattle Pikes batting - Pitching for Springfield Stars : LHP Glenn Tutt
Batting: RHB Manuel Rico 0-0: Called Strike
0-1: Ball
1-1: Fly out, F8 (Flyball, 89XD)
Batting: RHB António Ortega 0-0: Fly out, F2 (Popup, 2L)
Batting: RHB Tae-kwon Kwon 0-0: DOUBLE (Flyball, 89D)
Batting: SHB António Hernández 0-0: Swinging Strike
0-1: Ball
1-1: Fly out, F5 (Line Drive, 5)
Bottom of the 6th over - 0 run(s), 1 hit(s), 0 error(s), 1 left on base; Springfield 1 - Seattle 8
TOP OF THE 7TH
Springfield Stars batting - Pitching for Seattle Pikes : RHP Rodrigo Aguilar
Pitching: RHP Stan Stewart
Batting: RHB Miguel Salinas 0-0: Ball
1-0: Ball
2-0: Called Strike
2-1: Ball
3-1: Base on Balls
Batting: RHB Hamilton Holbrook 0-0: Ball
1-0: Foul Ball, location: 2F
1-1: Ball
2-1: Swinging Strike
2-2: Ball
3-2: 2-RUN HOME RUN (Line Drive, 78XD), Distance : 455 ft
Batting: LHB Ryan Drake 0-0: Foul Ball, location: 2F
0-1: Swinging Strike
0-2: Ground out 3-1 (Groundball, 3L)
Batting: SHB Martín Medina 0-0: Called Strike
0-1: Swinging Strike
0-2: Ball
1-2: Foul Ball, location: 2F
1-2: Foul Ball, location: 2F
1-2: Ground out 6-3 (Groundball, 6M)
Batting: RHB Norberto Taváres 0-0: Swinging Strike
0-1: Ground out 6-3 (Groundball, 6)
Top of the 7th over - 2 run(s), 1 hit(s), 0 error(s), 0 left on base; Springfield 3 - Seattle 8
BOTTOM OF THE 7TH
Seattle Pikes batting - Pitching for Springfield Stars : LHP Glenn Tutt
Pitching: RHP Alberto Vásquez
Batting: RHB Wallace Greene 0-0: Swinging Strike
0-1: Foul Ball, location: 2F
0-2: Foul Ball, location: 2F
0-2: Ball
1-2: Ball
2-2: Strikes out swinging
Batting: RHB Rafael González 0-0: Ball
1-0: Ball
2-0: Ball
3-0: Called Strike
3-1: Called Strike
3-2: Base on Balls
Batting: RHB Arnold Harmon 0-0: Ball
1-0: Ball
Rafael González is caught stealing 2nd base
2-0: Fly out, F9 (Line Drive, 9LM)
Bottom of the 7th over - 0 run(s), 0 hit(s), 0 error(s), 0 left on base; Springfield 3 - Seattle 8
TOP OF THE 8TH
Springfield Stars batting - Pitching for Seattle Pikes : RHP Stan Stewart
Now at 2B: Edouard Padovano
Batting: RHB Juan Rodríguez 0-0: Ball
1-0: Foul Ball, location: 2F
1-1: Called Strike
1-2: Ball
2-2: Foul Ball, location: 2F
2-2: Ball
3-2: Foul Ball, location: 2F
3-2: SINGLE (Groundball, 56D)
Batting: LHB Derek Davidson 0-0: Foul Ball, location: 2F
0-1: Foul Ball, location: 2F
0-2: Foul Ball, location: 2F
0-2: SINGLE (Line Drive, 34D)
Juan Rodríguez to second
Batting: LHB Elliott Newell 0-0: Called Strike
0-1: Ball
1-1: Called Strike
1-2: Foul Ball, location: 2F
1-2: Ball
2-2: DOUBLE (Popup, 7S)
Juan Rodríguez scores
Derek Davidson to third
Pitching: LHP Cristián Escobar
Batting: LHB Mike Callahan 0-0: Ball
1-0: Called Strike
1-1: Foul Ball, location: 2F
1-2: Ball
2-2: Foul Ball, location: 2F
2-2: Ground out 5-3 (Groundball, 5L)
Batting: RHB Miguel Salinas 0-0: Ball
1-0: Ball
2-0: Ball
3-0: Called Strike
3-1: Swinging Strike
3-2: Base on Balls
Batting: RHB Hamilton Holbrook 0-0: Ball
1-0: Foul Ball, location: 2F
1-1: Ground out 3-1 (Groundball, 34)
Derek Davidson scores
Elliott Newell to third
Miguel Salinas to second
Batting: LHB Ryan Drake 0-0: Ball
1-0: Ball
2-0: Called Strike
2-1: Called Strike
2-2: DOUBLE (Line Drive, 89M)
Elliott Newell scores
Miguel Salinas scores
Pinch Hitting: RHB Alberto Campos 0-0: Foul Ball, location: 2F
0-1: Called Strike
0-2: Ball
1-2: Ball
2-2: Strikes out looking
Top of the 8th over - 4 run(s), 4 hit(s), 0 error(s), 1 left on base; Springfield 7 - Seattle 8
BOTTOM OF THE 8TH
Seattle Pikes batting - Pitching for Springfield Stars : RHP Alberto Vásquez
Now in CF: Eduardo Alomar
Batting: RHB Randy Sheppard 0-0: Ground out 5-3 (Groundball, 56)
Batting: LHB Sammy Marshall 0-0: Called Strike
0-1: Ball
1-1: SINGLE (Groundball, 56D)
Batting: RHB Manuel Rico 0-0: Called Strike
0-1: Ball
1-1: Called Strike
1-2: Strikes out swinging
Sammy Marshall steals 2nd base
Batter strikes out.
Batting: RHB António Ortega 0-0: Ball
1-0: Ball
2-0: Called Strike
2-1: Ball
3-1: Base on Balls
Batting: RHB Tae-kwon Kwon 0-0: Ball
Sammy Marshall steals 3rd base
António Ortega to second
1-0: Ground out 5-3 (Groundball, 5)
Bottom of the 8th over - 0 run(s), 1 hit(s), 0 error(s), 2 left on base; Springfield 7 - Seattle 8
TOP OF THE 9TH
Springfield Stars batting - Pitching for Seattle Pikes : LHP Cristián Escobar
Now at 1B: Rich Ruffin
Batting: RHB Norberto Taváres 0-0: Foul Ball, location: 2F
0-1: Foul Ball, location: 2F
0-2: Ball
1-2: Ground out 6-3 (Groundball, 6)
Batting: RHB Juan Rodríguez 0-0: Ball
1-0: Ball
2-0: Called Strike
2-1: Ground out 6-3 (Groundball, 6)
Batting: LHB Derek Davidson 0-0: Foul Ball, location: 2F
0-1: Swinging Strike
0-2: Strikes out swinging
Top of the 9th over - 0 run(s), 0 hit(s), 0 error(s), 0 left on base; Springfield 7 - Seattle 8
This league is powered by Out of the Park Baseball, the baseball management simulation game for PC, Mac and Linux
Tuesday, August 2nd, 2016 - OOTP Baseball 16.8 Build 38